 Dungeon Crawl Stone Soup version 0.31.0-7-gf635a9b802 (webtiles) character file.

Game seed: 12433268473179600960

41 Armakuni the Twirler (level 3, 0/22 HPs)
             Began as a Deep Elf Gladiator on Jan 24, 2024.
             Slain by an orc wizard
             ... wielding a +2 dagger of flaming
              (5 damage)
             ... on level 2 of the Dungeon.
             The game lasted 00:02:28 (1119 turns).

Armakuni the Twirler (Deep Elf Gladiator)           Turns: 1119, Time: 00:02:29

Health: 0/22       AC:  6    Str: 11    XL:     3   Next: 32%
Magic:  5/5        EV: 13    Int: 14    God:
Gold:   45         SH:  0    Dex: 16    Spells: 2/2 levels left

rFire   . . .        a - +0 quarterstaff
rCold   . . .        (shield currently unavailable)
rNeg    . . .        b - +0 leather armour
rPois   .            c - +1 helmet
rElec   .            (no cloak)
rCorr   .            (no gloves)
SInv    .            f - +0 pair of boots
Will    .....        (no amulet)
Stlth   +            (no ring)
HPRegen 0.23/turn    (no ring)
MPRegen 0.09/turn

%: no passive effects
@: confused
A: no striking features
a: no special abilities


You were on level 2 of the Dungeon.
You visited 1 branch of the dungeon, and saw 2 of its levels.

You collected 45 gold pieces.

Inventory:

Hand Weapons
 a - a +0 quarterstaff (weapon)
 h - a +0 sling
Missiles
 d - 2 throwing nets (quivered)
 e - a javelin
Armour
 b - a +0 leather armour (worn)
 c - a +1 helmet (worn)
 f - a +0 pair of boots (worn)
Scrolls
 j - 4 scrolls of teleportation
 l - a scroll of enchant armour
Potions
 i - a potion of brilliance {unknown}
 k - a potion of berserk rage {unknown}


   Skills:
 * Level 2.5 Fighting
 + Level 3.7 Staves
 - Level 2.0 Throwing
 - Level 3.6 Dodging


You had 2 spell levels left.
You didn't know any spells.
Your spell library was empty.

Dungeon Overview and Level Annotations

Branches:
Dungeon (2/15)

Altars:


Message History

You sock the orc!
You kill the orc!
The orc hits you but does no damage.
Items here: )) [ ††.
You hit the orc.
The orc is moderately wounded.
The orc wizard mumbles some strange words.
The orc wizard flickers and vanishes!
Deactivating autopickup; reactivate with Ctrl-A.
The orc hits you but does no damage.
You closely miss the orc.
The orc is moderately wounded.
The orc barely misses you.
You thump the orc!
You kill the orc!
No target in view!
No target in view!
You closely miss something. Something hits you but does no damage.
You hit something but do no damage. Something hits you. Something burns you.
You hit something. Something hits you. Something burns you.
You closely miss something. Something barely misses you.
You hit something but do no damage.
You hear some strange, mumbled words.
A puff of flame appears from out of thin air!
The puff of flame hits you!
Throw: 3 throwing nets
Press: ? - help, Q - select action, (/) - cycle Shift-Dir - straight line You throw a throwing net.
Something completely misses you.
You closely miss something. Something hits you but does no damage.
You sock something! Something barely misses you.
You miss something.
You hear some strange, mumbled words.
You are confused.
Something hits you.
* * * LOW HITPOINT WARNING * * *
Something burns you.
* * * LOW HITPOINT WARNING * * *
You bump into the rock wall.
Something hits you.
You die...

#.##......#.......#
####.##.#######.#.#
......# #.#.# ##.#.###.#
###.# #. #. #.# #.# #.
#. #. ..# #.# #..##. ###
#.#
#.....################.#
#.......{@.............#
#....###################
####


There were no monsters in sight!

Vanquished Creatures
  An adder (D:2)
  A dart slug (D:1)
  3 orcs (D:2)
  2 ball pythons (D:1)
  2 giant cockroaches (D:1)
  4 goblins
  A hobgoblin (D:1)
  3 jackals (D:1)
  A quokka (D:2)
  A bat (D:2)
  3 kobolds (D:2)
  4 rats
26 creatures vanquished.

Notes
Turn   | Place    | Note
-------+----------+-------------------------------------------
     0 | D:1      | Armakuni the Deep Elf Gladiator began the quest for the
                  | Orb.
     0 | D:1      | Reached XP level 1. HP: 12/12 MP: 3/3
   305 | D:1      | Reached XP level 2. HP: 13/17 MP: 4/4
   871 | D:2      | Reached XP level 3. HP: 22/22 MP: 5/5
  1119 | D:2      | Slain by an orc wizard

Illustrated notes

Levels and vault maps discovered:
D:1:      amcnicky_arrival_abandoned_market, layout_loops_ring,
          serial_bayou_crossing
D:2:      layout_basic

Skill      XL: |  1  2 |
---------------+-------+-----
Fighting       | 2 |  2.5
Staves         | |  3.7
Throwing       | |  2.0
Dodging        | |  3.6

Action                     || total
---------------------------++-------
  Melee: Quarterstaff      ||    86
  Throw: Throwing net      ||     1
    Use: Scroll            ||     5
   Stab: Sleeping          ||     1
 Armour: Leather armour    ||    55
  Dodge: Dodged            ||    49
